 Dungeon Crawl Stone Soup version 0.25-a0-558-g78a2afb0af (webtiles) character file.

Game seed: 10661218072380413329, levelgen mode: classic

105162 EnegeticOcto the Champion of Chaos (level 15, -2/146 HPs)
             Began as a Deep Dwarf Fighter on Feb 24, 2020.
             Was the Champion of Makhleb.
             Killed from afar by a thorn hunter (4 damage)
             ... with a volley of thorns
             ... on level 4 of the Swamp.
             The game lasted 00:14:09 (15256 turns).

EnegeticOcto the Champion of Chaos (DDFi)          Turns: 15256, Time: 00:14:10

Health: -2/146     AC: 26    Str: 28    XL:     15   Next: 57%
Magic:  7/7        EV: 13    Int: 10    God:    Makhleb [******]
Gold:   945        SH: 13    Dex: 14    Spells: 14/14 levels left

rFire    + . .     SeeInvis .   r - +3 war axe (curse)
rCold    . . .     Gourm    .   c - +0 kite shield
rNeg     + + .     Faith    .   R - +2 pearl dragon scales
rPois    +         Spirit   .   Q - +1 helmet {Int+3}
rElec    +         Reflect  .   (no cloak)
rCorr    .         Harm     .   O - +0 pair of gloves of the Snake Pit {Dex+2 Stlth+} (curse)
MR       +++++     Rnd*Rage +   (no boots)
Stlth    ..........             A - necklace of Bloodlust {*Rage +Rage MR++ Int-3 Slay+6 *Curse} (curse)
HPRegen  0.00/turn              u - ring of Piwofask {AC+5 Slay+2, =R}
MPRegen  0.10/turn              E - ring "Jar Itey" {rElec rF+ MR+ Str+3 Stlth-}

@: grasped by roots, berserk cooldown, non-regenerating, slowed, constricted,
very slow
A: damage resistance, heal wounds, negative energy resistance 1, sense
surroundings 2, poison resistance, no potion heal 1, no regeneration
}: 1/15 runes: gossamer
a: Heal Wounds, Minor Destruction, Lesser Servant of Makhleb, Major Destruction,
Greater Servant of Makhleb, Renounce Religion, Evoke Berserk Rage


You were on level 4 of the Swamp.
You worshipped Makhleb.
Makhleb was exalted by your worship.
You were not hungry.

You visited 6 branches of the dungeon, and saw 25 of its levels.
You also visited: Sewer, Gauntlet and Ice Cave.

You collected 1913 gold pieces.
You spent 968 gold pieces at shops.

Inventory:

Hand Weapons
 a - a +1 war axe
 r - a cursed +3 war axe (weapon)
Missiles
 I - 2 throwing nets (quivered)
Armour
 c - a +0 kite shield (worn)
 O - the cursed +0 pair of gloves of the Snake Pit (worn) {Dex+2 Stlth+}
   (You found it in a Gauntlet)

   It affects your dexterity (+2).
   It makes you more stealthy.
   If you remove this armour, your AC will decrease by 2 (26 -> 24).
   It has a curse placed upon it.
 Q - a +1 helmet of intelligence (worn)
 R - +2 pearl dragon scales (worn)
Jewellery
 u - the ring of Piwofask (left hand) {AC+5 Slay+2, =R}
   (You found it on level 5 of the Dungeon)

   [ring of protection]

   It affects your AC (+5).
   It affects your accuracy and damage with ranged weapons and melee attacks
   (+2).
 A - the cursed necklace of Bloodlust (around neck) {*Rage +Rage MR++ Int-3 Slay+6 *Curse}
   (You bought it in a shop on level 5 of the Dungeon)

   [amulet of rage]

   It affects your intelligence (-3).
   It affects your accuracy and damage with ranged weapons and melee attacks
   (+6).
   It affects your resistance to hostile enchantments.
   It lets you go berserk.
   It may make you go berserk in combat.
   It curses itself when equipped.
   It has a curse placed upon it.
 E - the ring "Jar Itey" (right hand) {rElec rF+ MR+ Str+3 Stlth-}
   (You found it in a Gauntlet)

   [ring of protection from fire]

   It affects your strength (+3).
   It protects you from fire.
   It insulates you from electricity.
   It affects your resistance to hostile enchantments.
   It makes you less stealthy.
Wands
 l - a wand of iceblast (28)
 v - a wand of paralysis (15)
 B - a wand of acid (6) {@v1}
 G - a wand of flame (36)
 H - a wand of digging (5) {@v2}
 L - a wand of scattershot (7)
Scrolls
 b - a scroll of fog
 g - 2 scrolls of magic mapping {@r5}
 j - 4 scrolls of identify {@r1}
 s - 5 scrolls of fear
 w - 4 scrolls of enchant weapon
 x - 2 scrolls of blinking {@r3}
 y - 6 scrolls of teleportation {@r2}
 z - 8 scrolls of remove curse {@r6}
 N - 4 scrolls of enchant armour
Potions
 d - a potion of curing {@q1}
 f - 9 potions of heal wounds {@q2}
 h - 2 potions of mutation
 i - 2 potions of magic
 k - 4 potions of might {@q3}
 m - a potion of resistance {@q6}
 n - 7 potions of haste {@q4}
 o - 4 potions of invisibility
 p - 2 potions of ambrosia
 t - 5 potions of berserk rage
 C - a potion of stabbing {unknown}
 D - a potion of lignification {@q7}
 J - a potion of cancellation
 M - 2 potions of brilliance {unknown}
Comestibles
 e - 27 rations


   Skills:
 * Level 12.7 Fighting
 * Level 14.5 Axes
 + Level 11.1 Armour
 + Level 10.5 Dodging
 + Level 11.1 Shields
 * Level 15.6 Invocations


You had 14 spell levels left.
You didn't know any spells.
Your spell library was empty.

Dungeon Overview and Level Annotations

Branches:
Dungeon (11/15)            Temple (1/1) D:5            Lair (4/6) D:9
  Swamp (4/4) Lair:2       Spider (4/4) Lair:3          Orc (1/2) D:11
  Sewer (visited)           IceCv (visited)         Gauntlet (visited)

Altars:
Cheibriados
Dithmenos
Elyvilon
Fedhas
Gozag
Kikubaaqudgha
Makhleb
Okawaru
Qazlal
Ru
Trog
Vehumet
Wu Jian
Zin
Beogh

Shops:
D:4 %   D:5 =(=   D:10 !

Annotations:
D:3 1 runed translucent door, Crazy Yiuf
D:4 2 transporters
D:5 1 runed translucent door, bmj180's ghost, amateur MiMo


Innate Abilities, Weirdness & Mutations

You are resistant to damage.
You can heal yourself by infusing magical energy.
You resist negative energy. (rN+)
You passively map the area around you.
You do not regenerate.
Your system is resistant to poisons. (rPois)
Potions are less effective at restoring your health.


Message History

The shambling mangrove hits your hellwing!!
Your Executioner hits the four-headed hydra simulacrum!!
The four-headed hydra simulacrum vapourises!
Makhleb accepts your kill. The death drake skeleton misses you.
Your hellwing hits the shambling mangrove.
Your hellwing hits the shambling mangrove!
You barely miss the death drake skeleton.
The death drake skeleton is lightly damaged.
Your Executioner hits the death drake skeleton!!
Your Executioner hits the death drake skeleton! x3
Your Executioner barely misses the death drake skeleton.
Your Executioner hits the death drake skeleton!
The death drake skeleton is destroyed!
Makhleb accepts your kill.
The thorn hunter fires a volley of thorns at you.
The volley of thorns hits your hellwing!!
Your hellwing dies!
Roots burst forth from the earth!
The grasping roots grab you! The grasping roots constrict you!
You escape the roots' grasp.
You enter the shallow water.
Moving in this stuff is going to be slow.
A freezing wraith comes into view.
Your Executioner is struck by the briar patch's thorns.
Your Executioner hits the briar patch but does no damage.
Your Executioner hits the briar patch. x2
The thorn hunter hits the briar patch.
The thorn hunter hits the briar patch but does no damage.
An alligator comes into view.
The shambling mangrove barely misses you.
The thorn hunter fires a volley of thorns at you.
The volley of thorns hits your Executioner!!
A spectral six-headed hydra comes into view.
The shambling mangrove hits you.
Thorny briars emerge from the ground!
A spriggan druid comes into view. It is wielding a +0 quarterstaff.
The spectral six-headed hydra moves out of view.
You barely miss the shambling mangrove.
The shambling mangrove is heavily damaged.
The thorn hunter hits the briar patch!!
The briar patch is destroyed!
You block the shambling mangrove's attack.
You hit the shambling mangrove.
The shambling mangrove is heavily damaged.
Your Executioner is no longer moving quickly.
Your Executioner gestures.
Your Executioner seems to speed up.
The thorn hunter gestures.
Thorny briars emerge from the ground!
The spriggan druid gestures wildly while chanting.
The forest starts to sway and rumble!
The shambling mangrove hits you!!
A spriggan druid comes into view. It is wielding a +0 quarterstaff.
You hit the shambling mangrove.
The shambling mangrove is heavily damaged.
You hit the alligator. You barely miss the freezing wraith.
A root smacks your Executioner from below!
A tree reaches out and hits you.
Your Executioner is hit by a branch!
Your Executioner dies!
A root smacks you from below! The alligator closely misses you. x2
The thorn hunter gestures.
The thorn hunter fires a volley of thorns at you.
You block the volley of thorns.
The freezing wraith hits you but does no damage.
You block the freezing wraith's attack.
Roots burst forth from the earth!
The grasping roots grab you! The grasping roots constrict you!
You hit the shambling mangrove.
The shambling mangrove is severely damaged.
You closely miss the freezing wraith. You hit the alligator.
You are hit by a branch.
You block the alligator's attack.
The alligator tail-slaps you but does no damage.
The thorn hunter gestures.
The thorn hunter fires a volley of thorns at you.
The volley of thorns hits you!!
The freezing wraith hits you but does no damage. x2
The alligator bites you but does no damage.
The alligator barely misses you. The shambling mangrove hits you!
* * * LOW HITPOINT WARNING * * *
x2 The grasping roots constrict you!
You are too injured to fight recklessly!
You are too injured to fight recklessly!
You are too injured to fight recklessly!
You are too injured to fight recklessly!
You are too injured to fight recklessly!
You are too injured to fight recklessly!
You are too injured to fight recklessly!
You are too injured to fight recklessly!
The roots' grasp on you weakens, but your attempt to escape fails.
The briar patch crumbles away. x2; A root smacks you from below!
* * * LOW HITPOINT WARNING * * *
The briar patch crumbles away.
The thorn hunter fires a volley of thorns at you.
The volley of thorns hits you!!
* * * LOW HITPOINT WARNING * * *
The freezing wraith hits you but does no damage.
The freezing wraith closely misses you. The alligator closely misses you.
The alligator tail-slaps you but does no damage.
The thorn hunter fires a volley of thorns at you.
The volley of thorns hits you.
You die...

, * ≈ ,* * , *
.≈.♣ , * ,, *
**Pi≈, * *
**#.#*♣♣ f.♣*
#♣♣ ≈ ≈ *
#..♣#.#♣♣♣Pi♣
#..♣♣ ≈*
§.≈≈♣..PPPP♣
#≈≈.≈.≈≈ , ≈*
*≈♣..Z.♣PP.♣*
#≈..≈≈. , ≈
#..♣§..f#
♣#≈≈.≈.≈≈ ≈ , ,
#≈.♣W@♣
♣#≈≈≈..♣* ≈ ,*
#†≈t.# #≈≈≈≈.♣ ≈
, #♣≈≈####†§...♣
≈
♣##.†)##♣..<♣♣♣♣
* ≈ ≈ ≈
♣.≈$.≈.)).♣♣♣ ≈
.≈PP♣PPP.≈≈≈♣* *
* ≈
,,≈PP♣♣PPP.≈≈≈.♣
≈ ≈ * ,
♣≈.♣≈≈♣♣≈≈≈≈.<..
≈ .♣♣≈≈≈
♣♣...≈≈≈≈≈ *


You could see a thorn hunter, a shambling mangrove, an alligator, 2 spriggan
druids, a freezing wraith and a spectral six-headed hydra.

Vanquished Creatures
  Rupert (Lair:4)
  Gastronok (D:10)
  A thorn hunter (Swamp:3)
  Donald (Spider:3)
  A ghost moth (Spider:4)
  3 emperor scorpions
  2 entropy weavers
  A vampire knight (Swamp:4)
  A minotaur (Gauntlet)
  Josephine (Orc:1)
  2 hydras
  A centaur warrior (D:9)
  2 two-headed ogres (D:10)
  5 death yaks
  3 alligators (Swamp:1)
  A death scarab (Gauntlet)
  An orc high priest (Orc:1)
  2 spriggans (Swamp:2)
  A spriggan druid (Swamp:2)
  A spectral hydra (Swamp:4)
  A wizard (Gauntlet)
  8 orb spiders
  2 orc sorcerers (Orc:1)
  8 wolf spiders
  2 orc knights (Orc:1)
  A necromancer (Gauntlet)
  A cyclops (D:11)
  2 black mambas (Lair:2)
  An ice statue (IceCv)
  5 spiny frogs
  3 torpor snails
  6 demonic crawlers
  A tengu conjurer (D:9)
  7 trolls
  15 jumping spiders
  A tyrant leech (Swamp:2)
  11 polar bears (IceCv)
  5 hornets
  4 slime creatures (Swamp:2)
  Grinder (D:3)
  2 bog bodies
  2 hippogriffs
  54 redbacks
  A shadow (D:11)
  13 tarantellas
  2 basilisks
  3 wraiths (Orc:1)
  30 yaks
  A spectral komodo dragon (Gauntlet)
  6 vampire mosquitoes (Swamp:1)
  3 insubstantial wisps (Swamp:2)
  An acid dragon (D:11)
  13 water moccasins
  Duvessa (D:6)
  A swamp worm (Swamp:4)
  3 swamp drakes (Swamp:2)
  7 porcupines
  An ice beast (D:9)
  A black bear (D:10)
  5 eyes of draining
  13 orc warriors
  A phantom (D:3)
  21 wolves
  7 ogres
  3 centaurs
  3 crocodiles
  2 big kobolds
  A wyvern zombie (D:10)
  14 bullfrogs
  Dowan (D:6)
  A scorpion (D:9)
  5 killer bees (D:11)
  10 wights
  2 howler monkeys
  5 crimson imps
  2 quasits
  A jelly (D:10)
  A bullfrog skeleton (D:10)
  15 orc priests
  3 centaur skeletons
  4 hounds
  3 iguanas
  14 orc wizards
  4 hell rats (Lair:2)
  11 worker ants
  3 hound skeletons
  A worker ant zombie (D:5)
  Robin (D:2)
  3 gnolls (D:6)
  11 adders
  5 shadow imps
  4 oozes
  3 adder skeletons
  2 worms
  10 leopard geckos
  78 orcs
  4 ball pythons
  7 bats
  7 giant cockroaches
  11 goblins
  8 hobgoblins
  4 jackals (D:10)
  20 kobolds
  5 quokkas
  9 frilled lizards
  A leopard gecko skeleton (D:5)
  9 rats
  2 fungi
622 creatures vanquished.

Vanquished Creatures (collateral kills)
  A frost giant (IceCv)
  A ghost moth (Spider:4)
  An emperor scorpion (Spider:4)
  A vampire knight (Swamp:4)
  A stone giant (Orc:1)
  Snorg (D:11)
  2 spark wasps (Spider:4)
  A hydra (Swamp:4)
  A death yak (IceCv)
  A spriggan druid (Swamp:4)
  4 swamp dragons (Swamp:4)
  9 wolf spiders
  2 orb spiders (Spider:4)
  A moth of wrath (Spider:4)
  A freezing wraith (Swamp:4)
  2 demonic crawlers (Spider:4)
  A troll (Orc:1)
  A death drake zombie (Swamp:4)
  4 jumping spiders (Spider:4)
  A hydra zombie (Swamp:4)
  A death drake skeleton (Swamp:4)
  3 polar bears (IceCv)
  2 hornets (Spider:4)
  12 tarantellas (Spider:4)
  19 redbacks
  A yak (IceCv)
  3 hydra simulacra (Swamp:4)
  5 swamp drakes (Swamp:4)
  An orc warrior (D:10)
  2 swamp dragon zombies (Swamp:4)
  A bullfrog (D:10)
  A crimson imp (D:10)
  An orc priest (Orc:1)
  An orc wizard (Orc:1)
  3 orcs
93 creatures vanquished.

Vanquished Creatures (others)
  2 polar bears (IceCv)
  3 yaks (IceCv)
  A wolf (IceCv)
  An orc (D:9)
  2 briar patches (Swamp:4)
  A fungus (Swamp:2)
  A plant (Swamp:4)
11 creatures vanquished.

Grand Total: 726 creatures vanquished

Notes
Turn   | Place    | Note
-------+----------+-------------------------------------------
     0 | D:1      | EnegeticOcto the Deep Dwarf Fighter began the quest for the
                  | Orb.
     0 | D:1      | Reached XP level 1. HP: 20/20 MP: 1/1
   116 | D:1      | Reached XP level 2. HP: 27/27 MP: 2/2
   418 | D:2      | Reached XP level 3. HP: 21/34 MP: 3/3
   476 | D:2      | Reached skill level 1 in Dodging
   529 | D:2      | Noticed Robin
   546 | D:2      | Reached XP level 4. HP: 35/42 MP: 4/4
   551 | D:2      | Killed Robin
  1077 | D:3      | Found a runed translucent door.
  1078 | D:3      | Noticed Crazy Yiuf
  1285 | D:3      | Noticed a phantom
  1316 | D:3      | Killed a phantom
  1316 | D:3      | Reached XP level 5. HP: 49/50 MP: 4/4
  1473 | D:3      | Noticed Grinder
  1476 | D:3      | Paralysed by Grinder for 2 turns
  1490 | D:3      | Killed Grinder
  1490 | D:3      | Reached XP level 6. HP: 41/57 MP: 5/5
  1502 | D:3      | Found a glowing silver altar of Zin.
  1684 | D:4      | Reached XP level 7. HP: 58/66 MP: 6/6
  1688 | D:4      | Got a sparkling glass ring
  1689 | D:4      | Identified the ring of Helople {rF+ rC+ Str+2 Dex+2} (You
                  | found it on level 4 of the Dungeon)
  1898 | D:4      | Reached skill level 5 in Axes
  1985 | D:4      | Found an ornate altar of the Wu Jian Council.
  2026 | D:4      | Gained mutation: Potions are less effective at restoring
                  | your health. [potion of mutation]
  2026 | D:4      | Gained mutation: Your system is resistant to poisons.
                  | (rPois) [potion of mutation]
  2133 | D:4      | Found Cixoalua's Food Shoppe.
  2148 | D:4      | Found a transporter.
  2180 | D:4      | Found a transporter.
  2743 | D:5      | Entered Level 5 of the Dungeon
  2745 | D:5      | Noticed a hippogriff
  2756 | D:5      | Killed a hippogriff
  2756 | D:5      | Reached skill level 5 in Fighting
  2769 | D:5      | Found Ofiqurem's Jewellery Boutique.
  2821 | D:5      | Reached skill level 5 in Armour
  2860 | D:5      | Found Hetapp's Jewellery Shoppe.
  2908 | D:5      | Found a staircase to the Ecumenical Temple.
  2942 | D:5      | Found a bloodstained altar of Trog.
  2950 | D:5      | Reached skill level 5 in Shields
  2950 | D:5      | Reached XP level 8. HP: 46/74 MP: 0/7
  3039 | Temple   | Entered the Ecumenical Temple
  3065 | Temple   | Became a worshipper of Makhleb the Destroyer
  3174 | D:5      | Noticed bmj180's ghost (amateur MiMo)
  3194 | D:5      | Found a runed translucent door.
  3214 | D:5      | Got a flickering platinum ring
  3352 | D:5      | Found Urphea Soliom's Weapon Shop.
  3371 | D:5      | Reached skill level 1 in Invocations
  3511 | D:6      | Identified the ring of Piwofask {AC+5 Slay+2} (You found it
                  | on level 5 of the Dungeon)
  3536 | D:6      | Noticed Dowan
  3538 | D:6      | Noticed Duvessa
  3546 | D:6      | Killed Dowan
  3563 | D:6      | Killed Duvessa
  3563 | D:6      | Reached skill level 2 in Invocations
  3695 | D:6      | Found a glowing drain.
  3717 | Sewer    | Entered a sewer
  3731 | Sewer    | Noticed Purgy
  3743 | Sewer    | Reached * piety under Makhleb
  4327 | D:6      | Reached skill level 3 in Invocations
  5012 | D:7      | Gained mutation: You passively map the area around you.
                  | [Deep Dwarf growth]
  5012 | D:7      | Reached XP level 9. HP: 52/82 MP: 9/9
  5665 | D:8      | Reached skill level 4 in Invocations
  5845 | D:8      | Reached ** piety under Makhleb
  6186 | D:9      | Reached skill level 5 in Invocations
  6205 | D:9      | Reached skill level 5 in Dodging
  6215 | D:9      | Found a radiant altar of Vehumet.
  6283 | D:9      | Reached skill level 6 in Invocations
  6605 | D:9      | Found a stormy altar of Qazlal.
  6693 | D:9      | Noticed a tengu conjurer
  6696 | D:9      | Noticed a centaur warrior
  6707 | D:9      | Killed a tengu conjurer
  6707 | D:9      | Reached XP level 10. HP: 68/94 MP: 11/11
  6709 | D:9      | Reached *** piety under Makhleb
  6712 | D:9      | Killed a centaur warrior
  6855 | D:9      | Found a blossoming altar of Fedhas.
  6856 | D:9      | Found a white marble altar of Elyvilon.
  6906 | D:9      | Reached skill level 7 in Invocations
  7193 | D:9      | Found a staircase to the Lair.
  7231 | D:10     | Entered Level 10 of the Dungeon
  7356 | D:10     | Reached skill level 8 in Invocations
  7404 | D:10     | Reached **** piety under Makhleb
  7557 | D:10     | Noticed a two-headed ogre
  7565 | D:10     | Killed a two-headed ogre
  7565 | D:10     | Reached XP level 11. HP: 104/104 MP: 14/14
  7702 | D:10     | Noticed Gastronok
  7721 | D:10     | Killed Gastronok
  7721 | D:10     | Reached skill level 10 in Axes
  7721 | D:10     | Reached skill level 9 in Invocations
  7790 | D:10     | Found Xeoga's Distillery.
  7800 | D:10     | Noticed a two-headed ogre
  7807 | D:10     | Killed a two-headed ogre
  8217 | D:11     | Reached skill level 10 in Invocations
  8450 | D:11     | Noticed Snorg
  8470 | D:11     | Killed Snorg
  8499 | D:11     | Reached ***** piety under Makhleb
  8547 | D:11     | Found a staircase to the Orcish Mines.
  8625 | Orc:1    | Entered Level 1 of the Orcish Mines
  8634 | Orc:1    | Noticed a stone giant
  8635 | Orc:1    | Found a roughly hewn altar of Beogh.
  8655 | Orc:1    | Killed a stone giant
  8655 | Orc:1    | Reached XP level 12. HP: 98/114 MP: 10/10
  8860 | Orc:1    | Found a frozen archway.
  8865 | Orc:1    | Noticed an orc high priest
  8889 | Orc:1    | Killed an orc high priest
  8896 | Orc:1    | Noticed Josephine
  8917 | Orc:1    | Killed Josephine
  8917 | Orc:1    | Reached skill level 11 in Invocations
  8944 | IceCv    | Entered an ice cave
  9058 | IceCv    | Identified Sif Muna's Volume of Doom
  9129 | IceCv    | Reached skill level 10 in Fighting
  9313 | IceCv    | Noticed a death yak
  9335 | IceCv    | Killed a death yak
  9420 | IceCv    | Noticed a death yak
  9420 | IceCv    | Noticed a frost giant
  9453 | IceCv    | Killed a frost giant
  9453 | IceCv    | Reached skill level 12 in Invocations
  9454 | IceCv    | Killed a death yak
  9454 | IceCv    | Reached XP level 13. HP: 55/124 MP: 7/9
  9589 | Orc:1    | Found a burning altar of Makhleb.
  9958 | D:5      | Bought the cursed necklace of Bloodlust {*Rage +Rage MR++
                  | Int-3 Slay+6 *Curse} for 968 gold pieces
  9958 | D:5      | Found the cursed necklace of Bloodlust {*Rage +Rage MR++
                  | Int-3 Slay+6 *Curse}
 10074 | Lair:1   | Entered Level 1 of the Lair of Beasts
 10098 | Lair:1   | Found an opulent altar of Gozag.
 10721 | Lair:2   | Found a staircase to the Swamp.
 11299 | Lair:3   | Found a hole to the Spider Nest.
 11358 | Lair:3   | Found a gate leading to a gauntlet.
 11371 | Gauntlet | Entered a Gauntlet
 11371 | Gauntlet | Found a transporter.
 11371 | Gauntlet | Found a transporter.
 11372 | Gauntlet | Found a transporter.
 11373 | Gauntlet | Found a transporter.
 11374 | Gauntlet | Found a transporter.
 11376 | Gauntlet | Found a transporter.
 11380 | Gauntlet | Found a runed translucent door.
 11380 | Gauntlet | Found a runed translucent door.
 11382 | Gauntlet | Found a transporter.
 11384 | Gauntlet | Found a transporter.
 11385 | Gauntlet | Found a transporter.
 11387 | Gauntlet | Found a transporter.
 11395 | Gauntlet | Found a transporter.
 11395 | Gauntlet | Found a transporter.
 11662 | Gauntlet | Got a fine steel ring
 11749 | Gauntlet | Got a pair of jewelled gloves
 11755 | Gauntlet | Identified the cursed +0 pair of gloves of the Snake Pit
                  | {Dex+2 Stlth+} (You found it in a Gauntlet)
 11761 | Gauntlet | Identified the +4 ring mail of Grottiness {rPois rF+ rC+
                  | Str+2 Dex-3}
 11761 | Gauntlet | Noticed a minotaur
 11786 | Gauntlet | Killed a minotaur
 11786 | Gauntlet | Reached skill level 13 in Invocations
 11802 | Gauntlet | Identified Pijimao's Catalogue of Supportive Lightness
 12571 | Lair:4   | Noticed Rupert
 12587 | Lair:4   | Killed Rupert
 12642 | Lair:4   | Identified the ring "Jar Itey" {rElec rF+ MR+ Str+3 Stlth-}
                  | (You found it in a Gauntlet)
 12714 | Spider:1 | Entered Level 1 of the Spider Nest
 12957 | Spider:2 | Noticed an entropy weaver
 12974 | Spider:2 | Killed an entropy weaver
 12974 | Spider:2 | Gained mutation: You resist negative energy. (rN+) [Deep
                  | Dwarf growth]
 12974 | Spider:2 | Reached XP level 14. HP: 135/135 MP: 8/8
 12980 | Spider:2 | Reached ****** piety under Makhleb
 12995 | Spider:2 | Reached skill level 10 in Armour
 13199 | Spider:2 | Reached skill level 10 in Shields
 13506 | Spider:3 | Reached skill level 14 in Invocations
 13515 | Spider:3 | Noticed Donald
 13529 | Spider:3 | Killed Donald
 13555 | Spider:3 | Noticed an emperor scorpion
 13586 | Spider:3 | Killed an emperor scorpion
 13705 | Spider:3 | Noticed an entropy weaver
 13719 | Spider:3 | Killed an entropy weaver
 14082 | Spider:4 | Entered Level 4 of the Spider Nest
 14250 | Spider:4 | Reached skill level 10 in Dodging
 14408 | Spider:4 | Killed a ghost moth
 14438 | Spider:4 | Reached XP level 15. HP: 143/145 MP: 5/7
 14480 | Spider:4 | Killed a ghost moth
 14480 | Spider:4 | Reached skill level 15 in Invocations
 14511 | Spider:4 | Got a gossamer rune of Zot
 14817 | Swamp:1  | Entered Level 1 of the Swamp
 15137 | Swamp:3  | Noticed a thorn hunter
 15148 | Swamp:3  | Killed a thorn hunter
 15187 | Swamp:4  | Entered Level 4 of the Swamp
 15248 | Swamp:4  | Noticed a thorn hunter
 15256 | Swamp:4  | HP: 2/146 [thorn hunter/volley of thorns (16)]
 15256 | Swamp:4  | Killed from afar by a thorn hunter

Levels and vault maps discovered:
D:1:      lemuel_arrival_room, layout_rooms, amethyst_killhole, minmay_unequal
D:2:      layout_rooms, uniq_robin
D:3:      layout_loops_ring, lemuel_coloured_pillars_altar, first_ration,
          lexackson_kobold_supper, uniq_crazy_yiuf_cottage, uniq_grinder
D:4:      layout_layer_cave, gammafunk_temple_overflow_arena, serial_shops,
          nicolae_shop_trees, feat_on_display
D:5:      layout_loops_ring, trog_eyes_of_draining,
          minmay_temple_entry_butterflies, serial_shops, shop_statue,
          nicolae_shop_competitors_out_of_business, shop,
          hellmonk_ghost_happy_afterlife
D:6:      layout_layer_cave, gup_sewer_entry_pipe, uniq_duvessa
D:7:      layout_basic
D:8:      layout_basic
D:9:      wad_statue_garden, layout_small_grid, marbit_many_paths,
          vehumet_altar_wand_db, nicolae_overflow_hidden_temple,
          grunt_lair_entry_orc_guard_hut, serial_glass, glass_columns_a,
          glass_columns_a, due_unseen_surprise, feat_on_display,
          blue_anna_alchemist [blue_anna_fruit_fields, blue_anna_fruit_fields]
D:10:     layout_roguey, serial_shops, kennysheep_mini, minmay_misc_feat_doors,
          uniq_gastronok
D:11:     layout_gridville, hiddenorc2_lemuel, kennysheep_cross_room, uniq_snorg
Temple:   nicolae_temple_god_jail
Lair:1:   layout_small_grid, basic_altar, patterned_corridor, uniq_harold
Lair:2:   layout_regular_city, swamp_mist, grunt_forest_small_clearings
Lair:3:   layout_gridlike, nicolae_spider_entry_orb_guardian,
          gauntlet_entry_generic, serial_rivers, chequers_serial_rivers_small_b,
          chequers_serial_rivers_room_b, chequers_serial_rivers_large_b,
          chequers_serial_rivers_large_a, chequers_serial_rivers_micro_e,
          chequers_serial_rivers_room_b
Lair:4:   layout_loops_ring, lemuel_centaur_altar, uniq_rupert
Swamp:1:  layout_falls_marsh, evilmike_swamp_ruin_rubble_2, swamp_pool3,
          lightli_tree_ring
Swamp:2:  layout_basic_swamp, wheals_swamp_sinkhole, swamp_pool5,
          nicolae_swamp_fairy_circle, cheibrodos_swamp_pet_leeches
Swamp:3:  layout_falls_marsh, evilmike_swamp_ruin_rubble_1, swamp_pool1
Swamp:4:  byrel_swamp_growth_death_and_undeath, layout_basic_swamp
Spider:1: layout_spider_delve
Spider:2: layout_spider_delve, guppyfry_spider_mini_1
Spider:3: layout_spider_delve, drop_trap, uniq_donald
Spider:4: spider_rune_water
Orc:1:    layout_caves, portal_ice_cave_entry_pillars_1,
          hangedman_feature_mirror, uniq_josephine

Skill      XL: |  1  2  3  4  5  6  7  8  9 10 11 12 13 14 15 |
---------------+----------------------------------------------+-----
Fighting       | 3 4 5 6 7 8 9 10 11 12 | 12.7
Axes           | 3 4 5 7 8 9 10 11 13 14 | 14.5
Dodging        | 1 2 3 4 5 6 7 8 9 10 | 10.5
Armour         | 4 5 6 7 8 9 10 11 | 11.1
Shields        | 4 5 6 7 8 9 10 11 | 11.1
Invocations    | 3 6 8 10 12 13 14 15 | 15.6

Action                   |  1- 3 |  4- 6 |  7- 9 | 10-12 | 13-15 || total
-------------------------+-------+-------+-------+-------+-------++-------
Melee: War axe           |   139 |   149 |   431 |   721 |   803 ||  2243
Invok: Lesser Servant of |       |       |       |    15 |    11 ||    26
       Greater Servant o |       |       |       |       |     8 ||     8
 Abil: Heal Wounds       |     1 |     4 |     9 |    41 |    29 ||    84
  Use: Scroll            |       |    10 |     9 |     1 |     5 ||    25
       Potion            |       |       |     1 |     2 |     2 ||     5
 Stab: Confused          |       |       |       |     4 |       ||     4
       Distracted        |       |       |       |     2 |     2 ||     4
  Eat: Chunk             |       |     3 |    14 |     9 |    11 ||    37
       Ration            |       |       |     1 |     1 |     3 ||     5
Armor: Scale mail        |    80 |    88 |   182 |       |       ||   350
       Chain mail        |       |       |    27 |   415 |    83 ||   525
       Pearl dragon scal |       |       |       |       |   479 ||   479
Dodge: Dodged            |    62 |    76 |   172 |   397 |   574 ||  1281
Block: Kite shield       |   105 |    86 |   287 |   577 |   669 ||  1724

Table legend:
 A = Non-vault XP
 B = Vault XP
 C = Vault XP percentage of total XP
 D = Non-vault monster count
 E = Vault monster count
 F = Vault count percentage of total count
                 A         B        C        D         E       F
            +---------+---------+-------+---------+---------+-------
      Total |   78272 |   53389 |  40.6 |     482 |     232 |  32.5
            +---------+---------+-------+---------+---------+-------
        D:1 |      32 |       5 |  13.5 |      15 |       4 |  21.1
        D:2 |      74 |      32 |  30.2 |      18 |      11 |  37.9
        D:3 |     149 |     276 |  64.9 |      14 |       6 |  30.0
        D:4 |     411 |       0 |   0.0 |      22 |       0 |   0.0
        D:5 |     625 |     380 |  37.8 |      17 |       5 |  22.7
        D:6 |     309 |     244 |  44.1 |       9 |      11 |  55.0
        D:7 |     528 |       0 |   0.0 |      15 |       0 |   0.0
        D:8 |     657 |       0 |   0.0 |      16 |       0 |   0.0
        D:9 |    1117 |    3140 |  73.8 |      28 |      22 |  44.0
       D:10 |    6010 |    2213 |  26.9 |      45 |       1 |   2.2
       D:11 |    3432 |    1085 |  24.0 |      24 |      33 |  57.9
     Lair:1 |     832 |       0 |   0.0 |       7 |       0 |   0.0
     Lair:2 |    4551 |       0 |   0.0 |      29 |       0 |   0.0
     Lair:3 |    1411 |     632 |  30.9 |       7 |       1 |  12.5
     Lair:4 |     381 |    3008 |  88.8 |       3 |       1 |  25.0
    Swamp:1 |    5362 |       0 |   0.0 |      12 |       0 |   0.0
    Swamp:2 |    4105 |     416 |   9.2 |      13 |       3 |  18.8
    Swamp:3 |    2123 |       0 |   0.0 |       1 |       0 |   0.0
    Swamp:4 |    1895 |    6813 |  78.2 |       5 |      21 |  80.8
   Spider:1 |    4963 |       0 |   0.0 |      18 |       0 |   0.0
   Spider:2 |    5686 |    2209 |  28.0 |      16 |       8 |  33.3
   Spider:3 |   13655 |    1874 |  12.1 |      37 |       1 |   2.6
   Spider:4 |   13861 |   12109 |  46.6 |      57 |      34 |  37.4
      Orc:1 |    6103 |    1181 |  16.2 |      54 |       4 |   6.9
      Sewer |       0 |      19 | 100.0 |       0 |       7 | 100.0
      IceCv |       0 |   10875 | 100.0 |       0 |      47 | 100.0
   Gauntlet |       0 |    6878 | 100.0 |       0 |      12 | 100.0
            +---------+---------+-------+---------+---------+-------
